 Dungeon Crawl Stone Soup version 0.20-a0-463-g5747544 (webtiles) character file.

24 M4edhros the Sneak (level 3, -5/23 HPs)
             Began as an Octopode Artificer on Jan 11, 2017.
             Slain by a worm (7 damage)
             ... on level 2 of the Dungeon.
             The game lasted 00:00:37 (764 turns).

M4edhros the Sneak (Octopode Artificer)              Turns: 764, Time: 00:00:37

Health: -5/23      AC:  1    Str: 11    XL:     3   Next: 2%
Magic:  5/5        EV: 13    Int: 13    God:
Gold:   46         SH:  0    Dex: 13    Spells: 2/2 levels left

rFire  + . .     SeeInvis .     a - +0 short sword
rCold  x . .     Gourm    .     (no shield)
rNeg   . . .     Faith    .     (helmet restricted)
rPois  .         Spirit   .     (no amulet)
rElec  .         Reflect  .     o - ring of fire
rCorr  .         Harm     .     (no ring)
MR     .....                    (no ring)
Stlth  ++++......               (no ring)
                                (no ring)
                                (no ring)
                                (no ring)
                                (no ring)

@: no status effects
A: almost no armour, stealthy swim, amphibious, 8 rings, constrict 8, camouflage
1, gelatinous body 1
a: no special abilities


You were on level 2 of the Dungeon.
You were not hungry.

You visited 1 branch of the dungeon, and saw 2 of its levels.

You collected 46 gold pieces.

Inventory:

Hand Weapons
 a - a +0 short sword (weapon)
Jewellery
 o - a ring of fire (left tentacle)
Wands
 b - a wand of flame (15/48)
 c - a wand of enslavement (15/24)
 d - a wand of random effects (15/48)
Scrolls
 e - 3 scrolls of identify {unknown}
 i - a scroll of remove curse {unknown}
 j - a scroll of blinking {unknown}
 l - a scroll of fear {unknown}
Potions
 g - a potion of flight {unknown}
 h - 2 potions of heal wounds {unknown}
 m - 2 potions of curing {unknown}
 n - a potion of degeneration {unknown}
Comestibles
 f - 2 bread rations
 k - a meat ration


   Skills:
 - Level 1.0 Fighting
 - Level 1.0 Short Blades
 - Level 2.0 Dodging
 + Level 4.1 Stealth
 - Level 3.2 Evocations


You had 2 spell levels left.
You didn't know any spells.

Dungeon Overview and Level Annotations

Branches:
Dungeon (2/15)

Altars:


Innate Abilities, Weirdness & Mutations

You cannot wear most types of armour.
You are very stealthy in the water. (Stealth+)
You are amphibious.
You can wear up to eight rings at the same time.
You can use your tentacles to constrict eight enemies at once.
Your skin changes colour to match your surroundings (Stealth+).
Your rubbery body absorbs attacks. (AC +1, EV +1)


Message History

You feel agile.
You hit the worm. Your grab misses the worm.
The worm is lightly wounded.
The worm bites you.
You barely miss the worm. You grab the worm.
The worm is lightly wounded.
You constrict the worm. The worm bites you.
You hit the worm but do no damage.
The worm is lightly wounded.
You constrict the worm.
You are too injured to fight recklessly!
You hit the worm.
The worm is heavily wounded.
You constrict the worm. The worm bites you!
* * * LOW HITPOINT WARNING * * *
You are too injured to fight recklessly!
You hit the worm.
The worm is severely wounded.
You constrict the worm. The worm bites you!
You die...

..# #........# #.#
#..#.##### #.#
#..#.# #.# #..#.#
#.#####.###).#.#
#.......$......#
..####(.#.#.......
#......).....#
#†@#.#######.#
#.w#.# # #..#.#
...#.# ....#.#
###.#..# .# # #


You could see a worm.

Vanquished Creatures
  2 oozes (D:1)
  A worm (D:2)
  5 hobgoblins
  2 bats
  2 kobolds (D:2)
  A rat (D:2)
13 creatures vanquished.

Notes
Turn   | Place    | Note
-------+----------+-------------------------------------------
     0 | D:1      | M4edhros the Octopode Artificer began the quest for the Orb.
     0 | D:1      | Reached XP level 1. HP: 13/13 MP: 3/3
    18 | D:1      | Reached skill level 2 in Stealth
   216 | D:1      | Reached skill level 3 in Stealth
   216 | D:1      | Reached XP level 2. HP: 18/18 MP: 4/4
   745 | D:2      | Reached skill level 4 in Stealth
   759 | D:2      | Reached XP level 3. HP: 21/23 MP: 5/5
   764 | D:2      | Slain by a worm

Vault maps used:
D:1:      lightli_arrival_noodles, minmay_misc_feat_room, solitary_fountain

Skill      XL: |  1  2 |
---------------+-------+-----
Stealth        | 3 4 |  4.1
Fighting       | |  1.0
Short Blades   | |  1.0
Dodging        | |  2.0
Evocations     | |  3.2

Action                   || total
-------------------------++-------
Melee: Short sword       ||    39
       Tentacles         ||     4
       Constrict         ||     7
 Stab: Sleeping          ||     4
Armor: Skin              ||     4
Dodge: Dodged            ||    25
